 Dungeon Crawl Stone Soup version 0.18.1-48-g4cf74bf (webtiles) character file.

246 Gargoyl the Skirmisher (level 5, -1/42 HPs)
             Began as a Demonspawn Abyssal Knight on July 2, 2016.
             Was a Priest of Lugonu.
             Slain by an iguana (10 damage)
             ... on level 4 of the Dungeon.
             The game lasted 00:07:01 (4581 turns).

Gargoyl the Skirmisher (Demonspawn Abyssal Knight)  Turns: 4581, Time: 00:07:01

Health: -1/42      AC:  6    Str: 13    XL:     5   Next: 84%
Magic:  6/6        EV: 11    Int: 14    God:    Lugonu [***...]
Gold:   224        SH:  0    Dex: 12    Spells: 0 memorised, 4 levels left

rFire  . . .     SeeInvis .     a - +1 hand axe
rCold  . . .     Gourm    .     d - +0 ring mail
rNeg   . . .     Faith    .     (no shield)
rPois  +         Spirit   .     (no helmet)
rElec  .         Dismiss  .     (no cloak)
rCorr  .         Reflect  .     (no gloves)
SustAt .         Harm     .     (no boots)
MR     .....                    (no amulet)
Stlth  +.........               (no ring)
                                f - ring of poison resistance

@: not resistant to hostile enchantments, very unstealthy
A: talons 2, molten scales 1
a: Depart the Abyss, Bend Space, Banish, Renounce Religion


You were on level 4 of the Dungeon.
You worshipped Lugonu.
Lugonu was most pleased with you.
You were not hungry.

You visited 1 branch of the dungeon, and saw 4 of its levels.
You visited the Abyss 1 time.

You collected 224 gold pieces.

Inventory:

Hand Weapons
 a - a +1 hand axe (weapon)
Armour
 d - a +0 ring mail (worn)
Jewellery
 f - a ring of poison resistance (left hand)
 g - a +2 ring of dexterity {unknown}
 r - an uncursed ring of fire {unknown}
Wands
 t - a wand of digging (15/24)
 w - a wand of flame (4/48)
Scrolls
 e - 2 scrolls of enchant armour {unknown}
 i - 3 scrolls of identify {unknown}
 m - a scroll of remove curse {unknown}
 p - 2 scrolls of noise {unknown}
 q - a scroll of recharging {unknown}
 s - a scroll of immolation {unknown}
 v - a scroll of enchant weapon {unknown}
 x - a scroll of fog {unknown}
Potions
 k - 2 potions of degeneration {unknown}
 l - a potion of agility {unknown}
 n - a potion of berserk rage {unknown}
 o - a potion of flight {unknown}
 u - a potion of cancellation {unknown}
Comestibles
 b - 6 fruits
 c - 4 bread rations
 h - 2 meat rations
 j - a beef jerky


   Skills:
 + Level 4.1 Fighting
 + Level 2.5 Axes
 * Level 3.7 Armour
 + Level 2.4 Dodging
 + Level 2.6 Invocations


You had 4 spell levels left.
You didn't know any spells.

Dungeon Overview and Level Annotations

Branches:
Dungeon (4/15)
 Temple: D:4-7

Altars:
Cheibriados
Elyvilon
Fedhas
Gozag
Kikubaaqudgha
Makhleb
Nemelex Xobeh
Qazlal
Ru


Innate Abilities, Weirdness & Mutations

You have razor-sharp toenails.
You are partially covered in molten scales (AC +1).


Message History

The iguana bites you but does no damage.
The iguana bites you!
You hit the iguana. You claw the iguana, but do no damage.
The iguana is moderately wounded.
The iguana bites you.
You hit the iguana.
The iguana is heavily wounded.
The iguana bites you.
You hit the iguana but do no damage. Your kick misses the iguana.
The iguana is heavily wounded.
The iguana bites you!
You hit the iguana but do no damage. Your kick misses the iguana.
The iguana is heavily wounded.
The iguana bites you!
* * * LOW HITPOINT WARNING * * *
Your ring mail prevents you from hitting the iguana.
You claw the iguana, but do no damage.
The iguana is heavily wounded.
The iguana bites you!
You die...

#..#....≈≈≈≈......#
#..##...≈≈≈≈..#....
##.##..≈≈≈≈..##....
#.#..≈≈≈≈≈..##....
#.#.≈..≈....##....
#.#._(....⌠..'....
#.# ..##...##....
#.########........
#@l...............
###...##..........
...............
####..........
#......####
#####.##... #(#.8.8
#.#.._. #.#.8..


You could see an iguana.

Vanquished Creatures
  A water moccasin skeleton (D:4)
  2 worker ants (D:4)
  5 adders
  An ooze (D:2)
  4 worms
  2 dart slugs
  3 giant geckos
  4 orcs (D:3)
  4 giant cockroaches
  7 hobgoblins
  5 jackals
  6 kobolds (D:1)
  3 quokkas
  A ball python (D:3)
  10 bats
  2 giant newts (D:1)
  9 goblins
  14 rats
83 creatures vanquished.

Vanquished Creatures (others)
  A bush (D:1)
1 creature vanquished.

Grand Total: 84 creatures vanquished

Notes
Turn   | Place    | Note
--------------------------------------------------------------
     0 | Abyss:1  | Gargoyl the Demonspawn Abyssal Knight began the quest for the Orb.
     0 | Abyss:1  | Reached XP level 1. HP: 18/18 MP: 2/2
    77 | Abyss:1  | Noticed a large abomination
    89 | Abyss:1  | Noticed a large abomination
   102 | Abyss:1  | Noticed an ancient zyme
   122 | Abyss:1  | Noticed an ancient zyme
   136 | Abyss:1  | Noticed an orange demon
   142 | D:1      | Escaped the Abyss
   710 | D:1      | Gained mutation: You are partially covered in molten scales (AC +1). [demonic ancestry]
   710 | D:1      | Reached XP level 2. HP: 24/24 MP: 3/3
   777 | D:1      | Reached * piety under Lugonu
   972 | D:1      | Reached skill level 1 in Dodging
  1312 | D:1      | Gained mutation: You have sharp toenails. [demonic ancestry]
  1312 | D:1      | Reached XP level 3. HP: 30/30 MP: 4/4
  1849 | D:2      | Reached ** piety under Lugonu
  2108 | D:2      | Gained mutation: You have razor-sharp toenails. [demonic ancestry]
  2108 | D:2      | Reached XP level 4. HP: 31/37 MP: 5/5
  2313 | D:2      | Found a snail-covered altar of Cheibriados.
  2793 | D:3      | Found a stormy altar of Qazlal.
  2831 | D:3      | Found a white marble altar of Elyvilon.
  2867 | D:3      | Found a sparkling altar of Nemelex Xobeh.
  2944 | D:3      | Reached skill level 4 in Fighting
  3769 | D:3      | Reached XP level 5. HP: 37/42 MP: 6/6
  3797 | D:3      | Reached *** piety under Lugonu
  4194 | D:4      | Found an ancient bone altar of Kikubaaqudgha.
  4216 | D:4      | Found a burning altar of Makhleb.
  4228 | D:4      | Found an opulent altar of Gozag.
  4231 | D:4      | Found a sacrificial altar of Ru.
  4234 | D:4      | Found a blossoming altar of Fedhas.
  4581 | D:4      | Slain by an iguana

Skill      XL: |  1  2  3  4  5 |
---------------+----------------+-----
Armour         | 2 3 |  3.7
Dodging        | 1 2 |  2.4
Axes           | 2 |  2.5
Fighting       | 4 |  4.1
Invocations    | |  2.6

Action                   |  1- 3 |  4- 6 || total
-------------------------+-------+-------++-------
Melee: Hand axe          |   199 |   200 ||   399
       Kick              |    54 |    54 ||   108
Invok: Depart the Abyss  |     1 |       ||     1
  Use: Potion            |       |     2 ||     2
  Eat: Chunk             |     4 |     8 ||    12
Armor: Ring mail         |    62 |   100 ||   162
       Leather armour    |     2 |       ||     2
Dodge: Dodged            |    92 |   116 ||   208
